 Dungeon Crawl Stone Soup version 0.14-a0-2359-g1e808ab (webtiles) character file.

12734009 boski the Ninja (level 27, 167/167 (176) HPs)
             Began as a Spriggan Enchanter on Jan 30, 2014.
             Was a High Priest of Dithmengos.
             Escaped with the Orb
             ... and 15 runes on Jan 31, 2014!
             The game lasted 12:07:44 (124306 turns).

boski the Ninja (Spriggan Enchanter)              Turns: 124306, Time: 12:07:44

HP 167/167 (176) AC 15     Str 12      XL: 27
MP  50/50        EV 37     Int 19      God: Dithmengos [*****.]
Gold 5831        SH 16     Dex 19      Spells: 17 memorised,  9 levels left

rFire  + + +     SeeInvis +     F - +9,+8 quick blade (elec)
rCold  . . .     Rnd*Rage +     q - +4 robe of Filth {rF+ SInv}
rNeg   + . .     Conserve .     r - -1 buckler {AC+3}
rPois  +         rCorr    .     Z - +3 hat of Inference {Str+3 Int-1}
rElec  +         rRot     .     f - +1 ratskin cloak {rPois rN+ Dex-1 Int-1}
SustAb . .       Spirit   .     (gloves unavailable)
rMut   +         Warding  .     (boots unavailable)
Saprov . . .     Stasis   .     O - amulet of resist mutation
MR     ++++.                    I - ring "Pomeng" {+Blink rElec rPois rF+}
                                m - ring of Zymuren {rPois rF+ Dam-1}

@: very slightly contaminated, wreathed by umbra, very quick, incredibly
resistant to hostile enchantments, extraordinarily stealthy
A: unfitting armour, see invisible, berserk 1, herbivore 3, speed 3, robust 1,
slow healing 1, slow metabolism 2
a: Shadow Step, Shadow Form, Renounce Religion, Evoke Blink
0: Orb of Zot
}: 15/15 runes: decaying, slimy, silver, golden, iron, obsidian, icy, bone,
abyssal, demonic, glowing, magical, fiery, dark, gossamer


You escaped.
You worshipped Dithmengos.
Dithmengos was extremely pleased with you.
You were very hungry.

You visited 18 branches of the dungeon, and saw 101 of its levels.
You visited Pandemonium 1 time, and saw 41 of its levels.
You visited the Abyss 2 times.
You visited 1 bazaar.
You visited 3 Ziggurats, and saw 23 of their levels (deepest: 9).
You also visited: Labyrinth, Trove, Bailey and Volcano.

You collected 11080 gold pieces.
You spent 5249 gold pieces at shops.

Inventory:

Hand weapons
 F - a +9,+8 quick blade of electrocution (weapon)
Armour
 c - a cursed +2 hat of intelligence
 f - the +1 ratskin cloak (worn) {rPois rN+ Dex-1 Int-1}
   (You found it in a treasure trove)

   It affects your intelligence (-1).
   It affects your dexterity (-1).
   It protects you from poison.
   It protects you from negative energy.
 q - the +4 robe of Filth (worn) {rF+ SInv}
   (You found it in a treasure trove)

   It protects you from fire.
   It enhances your eyesight.
 r - a -1 buckler of protection (worn)
 G - a +7 pearl dragon armour
 M - a cursed +2 cloak of preservation
 Z - the +3 hat of Inference (worn) {Str+3 Int-1}
   (You found it on level 5 of the Vaults)

   It affects your strength (+3).
   It affects your intelligence (-1).
Magical devices
 a - a wand of heal wounds (6)
 u - a wand of teleportation (0)
 v - a wand of digging (10)
 x - a wand of heal wounds (3)
Comestibles
 g - 3 bread rations
 W - 2 strawberries (quivered)
Jewellery
 d - an uncursed ring of sustenance
 j - a cursed amulet of resist corrosion
 m - the ring of Zymuren (left hand) {rPois rF+ Dam-1}
   (You took it off a deep elf sorcerer on level 3 of the Elven Halls)

   [ring of poison resistance]

   It affects your damage with ranged weapons and melee attacks (-1).
   It protects you from fire.
 n - a cursed ring of sustain abilities
 o - the ring "Kiji" {Regen Dex+4 Int+3}
   (You found it on level 7 of a ziggurat)

   [ring of regeneration]

   It affects your intelligence (+3).
   It affects your dexterity (+4).
 w - the ring of the Marlin {rN+ EV+3 Str+3}
   (You found it in a labyrinth)

   [ring of evasion]

   It affects your evasion (+3).
   It affects your strength (+3).
   It protects you from negative energy.
 y - the cursed ring of the Suburbs {Regen rC++ MR++}
   (You found it on level 3 of a ziggurat)

   [ring of regeneration]

   It greatly protects you from cold.
   It affects your resistance to hostile enchantments.
   It has a curse placed upon it.
 z - the cursed ring "Omiobleh" {rC+ Acc+3}
   (You found it on level 4 of a ziggurat)

   [ring of protection from cold]

   It affects your accuracy with ranged weapons and melee attacks (+3).
   It has a curse placed upon it.
 B - the cursed ring "Forget-Me-Not" {rC+ Dex+1 Int+2}
   (You found it on level 15 of the Dungeon)

   [ring of protection from cold]

   It affects your intelligence (+2).
   It affects your dexterity (+1).
   It has a curse placed upon it.
 E - the cursed ring "Shraecuonn" {+Inv rElec Str+2 Acc+3 Dam+3}
   (You found it on level 6 of a ziggurat)

   [ring of slaying]

   It affects your accuracy (+3).
   It affects your damage-dealing abilities (+3).
   It affects your strength (+2).
   It insulates you from electricity.
   It lets you turn invisible.
   It has a curse placed upon it.
 I - the ring "Pomeng" (right hand) {+Blink rElec rPois rF+}
   (You found it on level 5 of the Vaults)

   [ring of protection from fire]

   It insulates you from electricity.
   It protects you from poison.
   It lets you blink.
 K - a cursed amulet of clarity
 L - a cursed amulet of conservation
 N - a +6,+4 ring of slaying
 O - an amulet of resist mutation (around neck)
Potions
 e - 3 potions of magic
 h - a potion of brilliance
 s - a potion of restore abilities
 D - a potion of resistance
 J - 5 potions of curing
 R - a potion of porridge
Books
 C - a book of Changes

   Spells                             Type                      Level
   Beastly Appendage                  Transmutation                1
   Sticks to Snakes                   Transmutation                2
   Spider Form                        Transmutation/Poison         3
   Ice Form                           Ice/Transmutation            4
   Blade Hands                        Transmutation                5
Magical staves
 Q - a cursed staff of energy


   Skills:
 - Level 21.6 Fighting
 - Level 20.0 Short Blades
 - Level 2.0 Staves
 - Level 5.9 Throwing
 - Level 12.9 Armour
 - Level 22.4 Dodging
 O Level 27 Stealth
 - Level 7.0 Shields
 - Level 24.2 Spellcasting
 - Level 12.3 Hexes
 - Level 12.0 Charms
 - Level 7.0 Summonings
 - Level 8.1 Necromancy
 + Level 13.9 Translocations
 - Level 11.6 Transmutations
 - Level 7.2 Air Magic
 - Level 13.0 Evocations


You had 9 spell levels left.
You knew the following spells:

 Your Spells              Type           Power        Failure   Level  Hunger
b - Ensorcelled Hibernat  Hex/Ice        #####.       1%          2    None
c - Confuse               Hex            ######..     1%          3    None
d - Deflect Missiles      Chrm/Air       ######....   6%          6    ###....
e - Haste                 Chrm           ######..     1%          6    ###....
f - Regeneration          Chrm/Necr      ######....   1%          3    None
g - Invisibility          Hex            ######..     1%          6    ###....
h - Flight                Chrm/Air       ######....   1%          3    None
i - Mass Confusion        Hex            ######....   1%          6    ###....
j - Darkness              Hex            ######....   12%         7    #####..
k - Phase Shift           Tloc           ######....   1%          5    None
m - Silence               Hex/Air        ######....   1%          5    None
n - Song of Slaying       Chrm           ######..     1%          2    None
o - Blink                 Tloc           N/A          0%          2    None
p - Apportation           Tloc           ######....   0%          1    None
q - Summon Butterflies    Summ           #####...     1%          1    None
r - Control Teleport      Chrm/Tloc      ######....   1%          4    None
s - Passwall              Trmt/Erth      #####.....   1%          3    None


Dungeon Overview and Level Annotations

Branches:
Dungeon (16/16)            Temple (1/1) D:4             Orc (4/4) D:12
    Elf (3/3) Orc:3          Lair (8/8) D:9           Swamp (5/5) Lair:6
 Spider (5/5) Lair:5        Slime (6/6) Lair:6       Vaults (5/5) D:14
  Blade (0/1) Vaults:4      Crypt (5/5) Vaults:3       Tomb (3/3) Crypt:3
   Hell (1/1)                 Dis (7/7) Hell            Geh (7/7) Hell
    Coc (7/7) Hell            Tar (7/7) Hell            Zot (5/5) Depths:6
    Zig (0/27)             Depths (6/6) D:16

Altars:
Ashenzari
Cheibriados
Dithmengos
Elyvilon
Fedhas
Kikubaaqudgha
Makhleb
Nemelex Xobeh
Okawaru
Sif Muna
Trog
Vehumet
Xom
Yredelemnul
Zin
The Shining One
Beogh
Jiyva
Lugonu

Shops:
D:5 [   D:7 /   D:10 !   Orc:4 ((%}   Elf:1 =   Elf:2 *:%%}   Vaults:2 *
Vaults:4 }   Vaults:5 *   Depths:6 :

Portals:
Hell: Depths:1 Depths:2 Depths:3 Depths:4 Depths:5
Abyss: Depths:4
Pandemonium: Depths:1 Depths:3

Annotations:
Swamp:3 Nikola
Crypt:4 exclusion: downstairs
Tomb:1 exclusion: silver statue
Hell exclusion: 2 ice statues
Dis:7 Dispater
Geh:7 Asmodeus
Coc:7 exclusion: 3 ice statues, Antaeus


Innate Abilities, Weirdness & Mutations

You are tiny and cannot use many weapons and most armour.
You have supernaturally acute eyesight.
You are a herbivore.
You cover ground extremely quickly.
You need consume almost no food.
You tend to lose your temper in combat.
You are robust (+10% HP).
You heal slowly when monsters are visible.


Message History

There is a stone staircase leading up here.
You can't go down here!
You climb upwards.
You sense a powerful magical force warping space.
There is a stone staircase leading down here.
You see here 27 arrows.
Evoke which item? (* to show all) (? for menu, Esc to quit)
Okay, then.
You see here a dagger.
Evoke which item? (* to show all) (? for menu, Esc to quit)
Zapping:
v - a wand of digging (11)
Press: ? - help, Shift-Dir - straight line The rock shatters into small pieces.
This wand has 10 charges left.
There is a staircase leading out of the dungeon here.
You are a level 27 Spriggan Enchanter.
I'm sorry, level 27 is as high as you can go.
With the way you've been playing, I'm surprised you got this far.
Play time: 12:07:12 (124305 turns)
You can't go down here!
You have escaped!

######.....#####.#####....#
........####...).....####.#
######.##...####'####...###
###.####≈≈≈≈≈≈≈####.## #.##
#≈≈...≈≈# ##.# ##.#
#.......# #.##
######.#########'#########.#
.....#.#..#...........#..#.#
######.'..+.....@.....').+.#
#.#..#...........#..#.#
#)###.#####'#########.#
##.#.###.......# #.## #..##
#≈≈...≈≈# ##.#
##..####≈≈≈≈≈≈≈####.##
######.##...#########...##
.....)######.........#####
......##..######.######..#


There were no monsters in sight!

Vanquished Creatures
  the royal jelly (Slime:6)
  Ereshkigal (Tar:7)
  4 orbs of fire
  5 ancient liches
  7 greater mummies (Tomb:1)
  Saint Roka (Depths:3)
  Sojobo (Crypt:1)
  the Lernaean hydra (Swamp:5)
  A Killer Klown (Zot:5)
  Mara (Depths:2)
  Geryon (Hell)
  3 pandemonium lords (Pan)
  3 curse toes
  5 electric golems
  Jory (Depths:3)
  4 golden dragons
  3 Brimstone Fiends
  Frederick (Vaults:4)
  8 bone dragons
  Arachne (Spider:2)
  2 Hell Sentinels (Dis:7)
  2 hellephants (Abyss:4)
  26 tentacled monstrosities
  2 Ice Fiends (Coc:7)
  2 deep elf blademasters
  8 liches
  4 titans
  The ghost of Jenx the Slayer, a mighty GrBe of Trog (Vaults:2)
  2 Shadow Fiends (Tar:7)
  13 Orb Guardians (Zot:5)
  3 quicksilver dragons
  3 deep elf master archers
  The ghost of flammableBen the Sensei, a mighty MfTm of the Shining One (Vaults:1)
  6 acid blobs
  8 sphinxes
  7 storm dragons
  2 thorn hunters
  5 Executioners
  The ghost of letownia the Eclecticist, a mighty DjFE of Makhleb (Vaults:5)
  Rupert (Lair:5)
  Frances (Swamp:3)
  13 ancient champions
  Kirke (Swamp:4)
  8 shadow dragons
  11 tengu reavers
  2 draconian monks (Zot:5)
  3 revenants
  A draconian knight (Zot:5)
  3 chaos champions
  13 fire giants
  Donald (Elf:1)
  An azure jelly (Slime:6)
  8 frost giants
  A fire giant (shapeshifter) (Zig:4)
  6 tentacled starspawn
  An iron dragon (Depths:5)
  5 deep elf sorcerers (Elf:3)
  A draconian scorcher (Zot:5)
  Louise (Swamp:4)
  A draconian zealot (Depths:6)
  15 vault wardens
  6 curse skulls
  An orc warlord (Depths:5)
  An emperor scorpion (Spider:5)
  2 cacodemons (Pan)
  8 ghost moths
  Gastronok (Orc:2)
  5 balrugs (Geh:7)
  18 reapers
  2 draconian annihilators
  A greater naga (Zig:5)
  An ancient bear (Zig:4)
  2 draconian shifters
  5 green deaths (Pan)
  48 stone giants
  2 blood saints
  A corrupter (Pan)
  3 spriggan defenders
  13 deep elf annihilators
  3 vampire knights
  3 deep elf demonologists
  7 starcursed masses
  8 eidola
  10 blizzard demons
  A grey draconian (Zot:4)
  A red draconian (Zot:5)
  2 green draconians
  4 lorocyprocas
  5 purple draconians
  8 yellow draconians
  A merfolk javelineer (Depths:1)
  4 dire elephants (Abyss:4)
  6 black draconians
  A pale draconian (Zot:2)
  5 mottled draconians
  15 jiangshi
  An unborn (Zig:3)
  Snorg (Swamp:4)
  3 dancing weapons (Vaults:4)
  11 deep elf death magi
  11 fire dragons
  18 mummy priests
  3 spriggan air magi
  28 ettins
  A death ooze (Slime:5)
  9 great orbs of eyes
  32 vault guards
  7 deep elf high priests
  A minotaur (Lab)
  A kraken zombie (Hell)
  Fannar (D:15)
  3 shambling mangroves
  Harold (Lair:6)
  14 ironheart preservers
  Josephine (D:11)
  30 yaktaur captains
  12 spriggans
  10 ice dragons
  A monstrous demonspawn (Pan)
  4 death cobs
  3 ravenous feature mimics
  33 hydras
  Erica (Lair:2)
  8 alligators
  A spriggan enchanter (Depths:3)
  2 anacondas (Abyss:1)
  7 spriggan berserkers
  7 deep troll earth magi
  8 vampire magi
  18 deep troll shamans
  3 deep dwarf death knights
  3 rakshasas
  5 thrashing horrors
  A satyr (Depths:5)
  20 ogre magi
  A fire crab (shapeshifter) (Vaults:1)
  2 spectral elves
  10 sun demons
  4 orc high priests
  The ghost of 4tharraofdagon the Carver, a powerful VSGl of Dithmengos (D:13)
  3 wretched stars
  4 naga warriors
  5 plague shamblers
  15 very ugly things
  5 tengu warriors
  Urug (Orc:2)
  2 iron golems (Hell)
  12 soul eaters
  29 centaur warriors
  Nergalle (Elf:1)
  A spriggan druid (Swamp:4)
  7 hell hogs
  23 deep elf knights
  7 hell knights
  60 skeletal warriors
  A catoblepas (Lair:6)
  6 shadow wraiths
  5 iron trolls
  A naga sharpshooter (Depths:5)
  19 deep trolls
  2 unseen horrors
  A cherub (Pan)
  6 giant orange brains
  4 spatial maelstroms
  2 swamp dragons (shapeshifter)
  11 flayed ghosts
  4 gelid demonspawn (Pan)
  A gelid demonspawn (shapeshifter) (Zig:2)
  20 hill giants
  17 ice devils
  2 infernal demonspawn (Pan)
  13 swamp dragons
  A spriggan skeleton (Tomb:2)
  3 putrid demonspawn (Pan)
  2 anaconda zombies
  5 shadow demons
  5 flaming corpses
  6 harpies (Vaults:2)
  16 large abominations
  8 necromancers
  16 ironbrand convokers
  3 torturous demonspawn (Pan)
  5 giant amoebae
  5 naga ritualists
  2 shadow dragon skeletons
  11 hellions
  10 orc knights
  3 wizards
  3 shining eyes (shapeshifter)
  4 orc sorcerers
  2 mana vipers (shapeshifter)
  A tengu skeleton (Tomb:3)
  An anaconda skeleton (Coc:3)
  4 iron dragon zombies
  30 wolf spiders
  A mana viper (Zig:5)
  12 deep elf conjurers
  A fire giant zombie (Zig:6)
  7 red wasps
  A draconian zombie (Zot:5)
  A moth of wrath (shapeshifter) (Vaults:5)
  8 cyclopes
  A sphinx skeleton (Zig:8)
  11 griffons
  4 hell beasts (Hell)
  A draconian (shapeshifter) (Vaults:4)
  9 sixfirhies
  7 moths of wrath
  An apocalypse crab (Zig:3)
  18 phantasmal warriors
  4 shining eyes
  An oklob plant (Lair:3)
  4 spiny worms
  A worldbinder (Abyss:1)
  2 stone giant skeletons
  19 spiny frogs
  2 titan simulacra (Coc:7)
  A fire giant skeleton (Zig:8)
  Maurice (D:11)
  9 elephants
  An octopode (Depths:1)
  10 black mambas
  2 dire elephant zombies
  2 black mambas (shapeshifter)
  7 elf zombies
  12 tormentors
  8 deep elf summoners
  A guardian serpent (shapeshifter) (Vaults:3)
  19 vault sentinels
  4 vapours
  The ghost of letownia the Cleaver, an experienced LOBe of Trog (D:6)
  54 yaktaurs
  An eye of devastation (shapeshifter) (Depths:3)
  12 orange demons
  A salamander mystic (Depths:1)
  2 feature mimics
  14 smoke demons
  8 elf skeletons
  4 efreet (Geh:7)
  19 demonic crawlers
  2 demonspawn skeletons (Pan)
  3 fire drakes
  A mottled draconian zombie (Crypt:3)
  5 anaconda simulacra
  2 salamanders
  2 tengu conjurers (Depths:3)
  A spectral tengu (Tomb:2)
  3 eyes of devastation
  A pale draconian skeleton (Dis:3)
  A salamander (shapeshifter) (Depths:3)
  4 hydra zombies
  A death yak skeleton (Crypt:4)
  13 raiju
  3 hellwings (Pan)
  A siren zombie (Crypt:1)
  A spectral deep dwarf (Crypt:4)
  11 blue devils
  A yellow draconian skeleton (Abyss:5)
  5 ancient zymes
  4 merfolk (Depths:1)
  64 guardian mummies
  A black draconian skeleton (Crypt:4)
  6 komodo dragons
  A merfolk (shapeshifter) (Vaults:5)
  2 trolls (shapeshifter)
  2 silent spectres (Crypt:4)
  2 spriggans (shapeshifter)
  An iron troll skeleton (Dis:7)
  5 formicid venom magi
  14 small abominations
  11 iron devils
  10 deep elf priests
  6 naga magi
  14 orb spiders
  A brown ooze (Zig:5)
  A centaur skeleton (D:16)
  6 polar bears (Lair:8)
  A queen bee (shapeshifter) (Depths:1)
  17 blink frogs
  3 death drake zombies
  8 giant fireflies
  A harpy zombie (Crypt:2)
  Sonja (D:16)
  A very ugly thing zombie (Hell)
  A wind drake (Zig:1)
  A baby alligator (shapeshifter) (Depths:4)
  5 giant leeches
  10 trolls
  6 red devils
  13 baby alligators
  A mana viper skeleton (Crypt:1)
  2 wandering mushrooms (Lair:2)
  3 wind drakes (shapeshifter)
  4 hydra skeletons
  17 bog bodies
  25 jumping spiders
  A moth of wrath zombie (Crypt:3)
  A jumping spider zombie (Crypt:2)
  A komodo dragon (shapeshifter) (Depths:3)
  29 two-headed ogres
  4 ice dragon zombies
  44 slime creatures
  4 boulder beetles
  3 blink frogs (shapeshifter)
  A slime creature (shapeshifter) (Depths:3)
  An ettin zombie (Hell)
  A tengu simulacrum (Tomb:3)
  A boulder beetle (shapeshifter) (Vaults:5)
  An alligator zombie (Hell)
  16 trapdoor spiders
  A basilisk (shapeshifter) (Depths:5)
  6 ynoxinuls
  18 formicids (Spider:3)
  A satyr zombie (Crypt:4)
  83 ugly things
  A guardian serpent skeleton (Crypt:3)
  A snapping turtle (shapeshifter) (Vaults:5)
  30 flying skulls
  27 tarantellas
  3 ettin skeletons
  26 ravens
  68 yaks
  A yak (shapeshifter) (Vaults:5)
  10 thorn lotuses
  4 chaos spawn
  An air elemental (Zig:8)
  A satyr skeleton (Crypt:5)
  15 wraiths
  3 elf simulacra
  4 ice dragon skeletons
  9 grizzly bears (Lair:8)
  9 metal gargoyles
  6 basilisks
  8 vampires
  An alligator skeleton (Hell)
  A formicid (shapeshifter) (Depths:3)
  6 hogs
  41 redbacks
  3 hippogriffs (shapeshifter)
  A demonspawn (shapeshifter) (Vaults:5)
  11 sharks
  2 hill giant zombies
  23 shadows
  4 water elementals
  30 deep elf magi
  2 golden eyes
  An elephant slug (Lair:7)
  11 hippogriffs
  27 deep elf fighters
  A steam dragon (Lair:8)
  9 neqoxecs
  A hog (shapeshifter) (Depths:1)
  3 wyverns
  2 manticores (shapeshifter)
  4 fire bats
  A raven zombie (Crypt:2)
  2 hill giant skeletons
  7 hungry ghosts
  4 molten gargoyles (Geh:7)
  3 manticores
  5 spatial vortices
  A yaktaur simulacrum (Vaults:2)
  A monstrous demonspawn zombie (Crypt:3)
  39 vampire mosquitoes
  30 wolves
  3 hydra simulacra (Coc:7)
  7 necrophages
  5 porcupines
  A soldier ant (shapeshifter) (Vaults:2)
  3 deep troll zombies
  An orange crystal statue (Vaults:3)
  11 swamp drakes
  6 deep dwarf zombies (Crypt:1)
  18 swamp worms
  10 human zombies
  An infernal demonspawn skeleton (Pan)
  15 freezing wraiths
  2 putrid demonspawn skeletons (Pan)
  A baby alligator skeleton (Crypt:2)
  10 deep dwarf skeletons
  16 hell hounds
  2 mottled dragons (Lair:8)
  8 yellow wasps
  6 black bears (Lair:8)
  A deep troll skeleton (Crypt:5)
  4 human skeletons
  3 nagas (Abyss:1)
  A torturous demonspawn skeleton (Crypt:1)
  5 phantoms
  9 ice beasts
  A black bear (shapeshifter) (Depths:3)
  39 centaurs
  3 giant goldfish
  50 ogres
  A spiny frog skeleton (Hell)
  51 orc warriors
  4 sky beasts
  An ettin simulacrum (Tomb:2)
  2 human simulacra
  7 rotting devils
  19 crocodiles
  A snapping turtle skeleton (Crypt:2)
  3 ugly thing zombies (Hell)
  9 wargs
  3 big kobolds
  2 boring beetles
  9 lost souls
  A hog skeleton (Crypt:3)
  A boring beetle (shapeshifter) (Depths:3)
  16 giant frogs
  6 brain worms
  6 giant slugs
  3 yaktaur zombies
  17 water moccasins
  A chimera zombie (Crypt:1)
  A fire drake skeleton (Crypt:3)
  8 agate snails
  11 insubstantial wisps
  A deep dwarf simulacrum (Crypt:2)
  An earth elemental (Vaults:3)
  A cyclops skeleton (D:13)
  6 eyes of draining
  4 jellyfish
  17 killer bees
  2 troll zombies
  A hippogriff zombie (Crypt:3)
  2 yak zombies
  An eye of draining (shapeshifter) (D:16)
  A boulder beetle zombie (D:16)
  21 wights
  2 hippogriff skeletons
  9 goliath beetles
  A vampire bat (Abyss:5)
  12 electric eels
  A pulsating lump (shapeshifter) (Vaults:5)
  A blink frog simulacrum (Abyss:1)
  A lava snake (Pan)
  A yellow wasp zombie (Crypt:1)
  10 big fish
  17 crimson imps
  7 jellies
  3 centaur zombies
  24 hounds
  Crazy Yiuf (D:3)
  A giant frog skeleton (D:10)
  44 orc priests
  27 spiders
  A water moccasin zombie (Crypt:1)
  4 iron imps
  15 iguanas
  A porcupine zombie (Crypt:2)
  An orange rat (Zig:6)
  12 worker ants
  35 orc wizards
  10 scorpions
  A big kobold zombie (D:11)
  9 sheep (Lair:3)
  A brain worm zombie (Abyss:1)
  Ijyb (D:2)
  A dwarf skeleton (Crypt:3)
  6 ogre zombies
  2 ogre skeletons
  A crocodile skeleton (Crypt:1)
  10 boggarts
  A hound skeleton (D:8)
  28 mummies
  2 naga skeletons
  An orange rat zombie (Crypt:2)
  20 green rats
  19 adders
  12 giant centipedes
  5 lemures
  2 inept feature mimics
  8 shadow imps
  5 giant mites
  2 worms
  A goliath beetle zombie (D:12)
  10 white imps
  15 ufetubi
  An adder zombie (D:6)
  20 orc zombies
  6 giant eyeballs
  6 giant geckos
  3 oozes
  180 orcs
  An orc simulacrum (D:11)
  28 bats
  10 giant cockroaches
  16 hobgoblins
  36 jackals
  An ooze (shapeshifter) (Vaults:4)
  12 quokkas
  2 ball pythons
  2 giant cockroach zombies
  A giant gecko skeleton (Crypt:4)
  3 giant newts
  2 giant spores
  A gnoll skeleton (Crypt:4)
  27 goblins
  A grey rat skeleton (Crypt:4)
  3 hobgoblin skeletons
  2 hobgoblin zombies (D:12)
  9 illusory rakshasas
  19 kobolds
  5 orc skeletons
  23 rats
  2 ballistomycetes (D:11)
  2 crawling corpses (Elf:3)
  A fungus (D:3)
  2 grand avatars (Pan)
  4 plants
  2 starspawn tentacles (Abyss:5)
  3 tentacles (Hell)
3916 creatures vanquished.

Vanquished Creatures (collateral kills)
  A centaur warrior (Depths:3)
1 creature vanquished.

Vanquished Creatures (others)
  An eldritch tentacle (Tar:7)
  2 tengu reavers (Vaults:5)
  An ettin (Depths:3)
  A rakshasa (Pan)
  A thrashing horror (Abyss:5)
  A torturous demonspawn (Pan)
  4 yaktaurs
  A hydra skeleton (Tomb:1)
  A raven (Swamp:4)
  A baby alligator (Swamp:4)
  A jumping spider (Spider:2)
  3 flying skulls
  2 redbacks (Spider:3)
  A water elemental (Hell)
  A thorn lotus (Swamp:4)
  A ynoxinul (Pan)
  An ugly thing (Vaults:4)
  An ogre (Vaults:5)
  A boring beetle (Lair:8)
  8 lost souls
  A rotting devil (Zig:9)
  A centaur (Vaults:2)
  A spider (Spider:2)
  2 mummies (Tomb:1)
  A shadow imp (Tomb:1)
  A giant mite (Lair:8)
  3 ufetubi (Tomb:1)
  38 eldritch tentacle segments (Tar:7)
  12 fungi
  7 plants
  11 starspawn tentacles
  37 starspawn tentacle segments (Abyss:5)
  3 tentacles (Hell)
  31 tentacle segments (Hell)
  9 toadstools (Lair:3)
192 creatures vanquished.

Grand Total: 4109 creatures vanquished

Notes
Turn   | Place    | Note
--------------------------------------------------------------
     0 | D:1      | boski, the Spriggan Enchanter, began the quest for the Orb.
     0 | D:1      | Reached XP level 1. HP: 9/9 MP: 4/4
   673 | D:1      | Reached skill level 4 in Stealth
   913 | D:1      | Reached XP level 2. HP: 8/13 MP: 7/7
  1263 | D:1      | Reached skill level 5 in Stealth
  1734 | D:1      | Reached XP level 3. HP: 16/16 MP: 9/9
  1787 | D:1      | Learned a level 2 spell: Ensorcelled Hibernation
  1791 | D:1      | Learned a level 3 spell: Confuse
  2374 | D:2      | Noticed Ijyb
  2382 | D:2      | Killed Ijyb
  2382 | D:2      | Reached skill level 6 in Stealth
  2534 | D:2      | Reached XP level 4. HP: 21/21 MP: 9/12
  2963 | D:3      | Reached skill level 7 in Stealth
  3207 | D:3      | Found an ancient bone altar of Kikubaaqudgha.
  3455 | D:3      | Noticed Crazy Yiuf
  3467 | D:3      | Killed Crazy Yiuf
  3513 | D:4      | Found a bloodstained altar of Trog.
  3557 | D:4      | Found a staircase to the Ecumenical Temple.
  3565 | Temple   | Entered the Ecumenical Temple
  3895 | Temple   | Became a worshipper of Dithmengos
  4018 | D:4      | Reached XP level 5. HP: 17/24 MP: 13/18
  4697 | D:5      | Entered Level 5 of the Dungeon
  4712 | D:5      | Found Stuowoxt's Armour Shop.
  4721 | D:5      | Bought a +1 orcish cloak for 90 gold pieces
  4812 | D:5      | Noticed a sky beast
  4821 | D:5      | Killed a sky beast
  4821 | D:5      | Reached skill level 5 in Spellcasting
  4821 | D:5      | Reached XP level 6. HP: 26/28 MP: 13/21
  5037 | D:5      | Reached skill level 5 in Hexes
  5377 | D:5      | Found a white marble altar of Elyvilon.
  5711 | D:5      | Reached XP level 7. HP: 28/32 MP: 17/24
  6254 | D:6      | Reached skill level 5 in Short Blades
  6390 | D:6      | Noticed letownia's ghost (experienced LOBe)
  6503 | D:6      | HP: 1/32 [letownia's ghost (9)]
  6520 | D:6      | Killed letownia's ghost
  6520 | D:6      | Reached XP level 8. HP: 2/36 MP: 8/25
  7148 | D:6      | Found a white marble altar of Elyvilon.
  7188 | D:6      | Reached skill level 8 in Short Blades
  7356 | D:7      | Acquired Dithmengos' first power
  7376 | D:7      | Reached skill level 9 in Stealth
  7434 | D:7      | Found Nics' Magical Wand Boutique.
  7478 | D:7      | Reached skill level 10 in Stealth
  7498 | D:7      | Found an iron altar of Okawaru.
  7629 | D:7      | Reached skill level 11 in Stealth
  7629 | D:7      | Reached XP level 9. HP: 20/39 MP: 14/26
  8059 | D:7      | Reached skill level 12 in Stealth
  8222 | D:7      | Reached skill level 13 in Stealth
  8340 | D:7      | Got an ancient cutlass
  8341 | D:7      | Identified the cursed +9,-1 cutlass "Muhirr" {venom, Str-2} (You found it on level 7 of the Dungeon)
  8487 | D:7      | Acquired Dithmengos' second power
  8797 | D:7      | Found a shimmering altar of Xom.
  9308 | D:8      | Reached skill level 14 in Stealth
  9796 | D:8      | Found a basalt altar of Yredelemnul.
  9843 | D:8      | Reached skill level 15 in Stealth
 10226 | D:9      | Reached XP level 10. HP: 44/44 MP: 28/28
 10393 | D:9      | Acquired Dithmengos' third power
 10518 | D:9      | Found a staircase to the Lair.
 10625 | Lair:1   | Entered Level 1 of the Lair of Beasts
 10639 | Lair:1   | Learned a level 2 spell: Sure Blade
 10643 | Lair:1   | Gained mutation: You can translocate small distances at will. [potion of mutation]
 10643 | Lair:1   | Gained mutation: Your body is slowly deteriorating. [potion of mutation]
 10643 | Lair:1   | Gained mutation: You possess an exceptional clarity of mind. [potion of mutation]
 10648 | Lair:1   | Gained mutation: You are robust (+10% HP). [potion of beneficial mutation]
 10822 | D:7      | Bought a wand of heal wounds (4) for 624 gold pieces
 11028 | Lair:1   | Reached skill level 1 in Charms
 11220 | Lair:1   | Noticed a black mamba
 11225 | Lair:1   | Killed a black mamba
 11240 | Lair:1   | Learned a level 6 spell: Haste
 11277 | Lair:1   | Reached skill level 5 in Charms
 12331 | Lair:1   | Reached skill level 10 in Charms
 12335 | Lair:1   | Reached skill level 1 in Shields
 12910 | Lair:2   | Noticed a black mamba
 12915 | Lair:2   | Reached XP level 11. HP: 51/51 MP: 30/30
 12937 | Lair:2   | Killed a black mamba
 13052 | Lair:2   | Noticed a four-headed hydra
 13055 | Lair:2   | Noticed Erica
 13056 | Lair:2   | Killed a five-headed hydra
 13056 | Lair:2   | Reached skill level 5 in Dodging
 13061 | Lair:2   | Killed Erica
 13707 | Lair:3   | Reached skill level 10 in Dodging
 13946 | Lair:3   | Noticed a four-headed hydra
 13955 | Lair:3   | Killed a five-headed hydra
 14089 | Lair:3   | Found a blossoming altar of Fedhas.
 14625 | Lair:4   | Reached skill level 10 in Short Blades
 14688 | Lair:4   | Found a labyrinth entrance.
 14802 | Lair:4   | Reached XP level 12. HP: 56/56 MP: 24/31
 14814 | Lab      | Entered a labyrinth
 15146 | Lab      | Upgraded the game from 0.14-a0-2327-g5ff15cf to 0.14-a0-2340-g8df0fbc
 16206 | Lab      | Noticed a minotaur
 16208 | Lab      | Killed a minotaur
 16210 | Lab      | Got a fine glass ring
 16246 | Lab      | Lost mutation: You possess an exceptional clarity of mind. [potion of cure mutation]
 16246 | Lab      | Lost mutation: Your body is slowly deteriorating. [potion of cure mutation]
 16246 | Lab      | Lost mutation: You can translocate small distances at will. [potion of cure mutation]
 16246 | Lab      | Lost mutation: You are robust (+10% HP). [potion of cure mutation]
 16252 | Lab      | Learned a level 3 spell: Regeneration
 16256 | Lab      | Identified the ring of the Marlin {rN+ EV+3 Str+3} (You found it in a labyrinth)
 16991 | Lair:5   | Found a shimmering altar of Xom.
 17228 | Lair:5   | Noticed Rupert
 17387 | Lair:6   | Found a staircase to the Swamp.
 17439 | Lair:6   | Found a viscous altar of Jiyva.
 17440 | Lair:6   | Found a staircase to the Slime Pits.
 17476 | Lair:6   | Noticed Harold
 17482 | Lair:6   | Killed Harold
 17499 | Lair:6   | Reached skill level 5 in Shields
 17561 | Lair:6   | You fall through a shaft!
 18022 | Lair:7   | HP: 2/51 [elephant slug (39)]
 18804 | Lair:6   | Found a dark tunnel.
 18809 | Volcano  | Entered a volcano
 19244 | Lair:6   | Acquired Dithmengos' fourth power
 19302 | Lair:8   | Entered Level 8 of the Lair of Beasts
 19302 | Lair:8   | Noticed a six-headed hydra
 19308 | Lair:8   | Killed a seven-headed hydra
 19406 | Lair:8   | Reached XP level 13. HP: 55/55 MP: 25/32
 19441 | Lair:8   | Noticed a six-headed hydra
 20305 | Lair:8   | Reached skill level 10 in Hexes
 20413 | Lair:8   | Killed a seven-headed hydra
 20686 | Lair:8   | Found a staircase to the Slime Pits.
 20691 | Lair:8   | the staircase to the Slime Pits was a mimic.
 20907 | Lair:8   | Noticed a fire dragon
 20924 | Lair:8   | Killed a fire dragon
 21273 | Lair:8   | Paralysed by a potion of paralysis for 4 turns
 22308 | Lair:8   | Reached skill level 15 in Dodging
 22511 | Lair:8   | Reached skill level 16 in Stealth
 23017 | Lair:5   | Found a hole to the Spider Nest.
 23518 | Lair:5   | Noticed an eight-headed hydra
 23529 | Lair:5   | Killed a nine-headed hydra
 23529 | Lair:5   | Reached skill level 17 in Stealth
 23529 | Lair:5   | Reached XP level 14. HP: 59/59 MP: 30/33
 24418 | D:10     | Entered Level 10 of the Dungeon
 24443 | D:10     | Found Myurhul's Distillery.
 24528 | D:10     | Found a flagged portal.
 24537 | Bailey   | Entered a bailey
 24687 | Bailey   | Got a slimy ice dragon armour
 24688 | Bailey   | Identified the +4 ice dragon armour "Vegefeyd" {rElec rF- rC++ MR+} (You found it in a bailey)
 24946 | Lair:1   | Learned a level 6 spell: Invisibility
 25348 | D:10     | Reached skill level 18 in Stealth
 25752 | D:11     | Gained mutation: You are robust (+10% HP). [potion of beneficial mutation]
 25963 | D:11     | Noticed Josephine
 25981 | D:11     | Killed Josephine
 26067 | D:11     | Gained mutation: You can breathe flames. [mutagenic glow]
 26388 | D:11     | Noticed Maurice
 26395 | D:11     | Killed Maurice
 27059 | D:12     | Found a staircase to the Orcish Mines.
 27578 | D:12     | Found a portal to a secret trove of treasure.
 27711 | D:12     | Reached skill level 1 in Evocations
 28097 | Orc:1    | Entered Level 1 of the Orcish Mines
 28580 | D:5      | Bought a +3 scale mail of cold resistance for 1164 gold pieces
 28822 | Trove    | Entered a treasure trove
 28846 | Trove    | Got a wizard robe
 28878 | Trove    | Got a heavily runed wooden ring
 28919 | Trove    | Identified the +4 robe of Filth {rF+ SInv} (You found it in a treasure trove)
 28919 | Trove    | Identified the ring "Tiobed" {SustAb Dex-2 Acc+4} (You found it in a treasure trove)
 30365 | Orc:3    | Found a roughly hewn altar of Beogh.
 30603 | Orc:3    | Found a staircase to the Elven Halls.
 30768 | Orc:3    | Reached skill level 5 in Evocations
 30841 | Elf:1    | Entered Level 1 of the Elven Halls
 30850 | Orc:2    | Noticed Urug
 30858 | Orc:2    | Killed Urug
 30917 | Orc:2    | Noticed Gastronok
 30929 | Orc:2    | Killed Gastronok
 31150 | Orc:4    | Entered Level 4 of the Orcish Mines
 31407 | Orc:4    | Found Skuschual's Food Shop.
 31407 | Orc:4    | Found Qaedewen's Weapon Boutique.
 31407 | Orc:4    | Found Brasom's Antique Weapon Boutique.
 31413 | Orc:4    | Found Prekenta's Gadget Shop.
 31522 | Orc:4    | Gained mutation: Your magical capacity is low (-10% MP). [mutagenic glow]
 31805 | Orc:4    | Bought a glowing elven cutlass for 139 gold pieces
 31819 | Orc:4    | Bought an ornate deck of changes for 750 gold pieces
 32506 | D:13     | Reached skill level 1 in Staves
 32840 | D:13     | Noticed 4tharraofdagon's ghost (powerful VSGl)
 32906 | D:13     | Killed 4tharraofdagon's ghost
 32970 | D:13     | Reached skill level 19 in Stealth
 32970 | D:13     | Reached XP level 15. HP: 69/69 MP: 22/30
 33030 | D:13     | Gained mutation: Your body is slowly deteriorating. [mutagenic glow]
 33432 | D:14     | Found a gate to the Vaults.
 33889 | Lair:5   | Killed Rupert
 33947 | Swamp:1  | Entered Level 1 of the Swamp
 34043 | Swamp:1  | Reached skill level 20 in Stealth
 34746 | Swamp:2  | Noticed a thorn hunter
 34751 | Swamp:2  | Killed a thorn hunter
 34751 | Swamp:2  | Reached skill level 5 in Throwing
 35118 | Swamp:2  | Learned a level 3 spell: Flight
 35638 | Swamp:3  | Learned a level 6 spell: Mass Confusion
 35814 | Swamp:3  | Reached skill level 10 in Spellcasting
 36555 | Swamp:3  | Lost mutation: You are robust (+10% HP). [mutagenic glow]
 36957 | Swamp:3  | Noticed Frances
 36959 | Swamp:3  | Killed Frances
 37096 | Swamp:4  | Noticed Nikola
 37605 | Swamp:4  | Noticed Louise
 37616 | Swamp:4  | Killed Louise
 37680 | Swamp:4  | Noticed Snorg
 37689 | Swamp:4  | Killed Snorg
 38050 | Swamp:4  | Identified a scroll of acquirement
 38051 | Swamp:4  | Got an ichor-stained quarterstaff
 38052 | Swamp:4  | Identified the +11,+10 quarterstaff of Spring {crush, *Tele +Blink +Fly rF+ rC+ rN+} (You acquired it on level 4 of the Swamp)
 38139 | Swamp:4  | Reached XP level 16. HP: 53/67 MP: 34/34
 38294 | Swamp:4  | Learned a level 7 spell: Darkness
 38510 | Swamp:4  | Noticed Kirke
 38526 | Swamp:4  | Killed Kirke
 38690 | Swamp:5  | Entered Level 5 of the Swamp
 39251 | Swamp:5  | Reached skill level 15 in Spellcasting
 39269 | Swamp:5  | Noticed the 27-headed Lernaean hydra
 39291 | Swamp:5  | Killed the 27-headed Lernaean hydra
 39517 | Swamp:5  | Got a decaying rune of Zot
 40404 | Lair:1   | Learned a level 5 spell: Phase Shift
 41282 | D:14     | Found a deep blue altar of Sif Muna.
 41285 | D:15     | Entered Level 15 of the Dungeon
 41529 | D:15     | Identified Creozil's Guide on Talismans and the Mountains (You found it on level 15 of the Dungeon)
 41531 | D:15     | Noticed Fannar
 41537 | D:15     | Killed Fannar
 41578 | D:15     | Got a brightly glowing silver ring
 41579 | D:15     | Identified the ring "Forget-Me-Not" {rC+ Dex+1 Int+2} (You found it on level 15 of the Dungeon)
 41808 | D:16     | Entered Level 16 of the Dungeon
 41863 | D:16     | Found a flickering gateway to a bazaar.
 41884 | Bazaar   | Entered a bazaar
 41888 | Bazaar   | Found Blaameng's Jewellery Boutique.
 41906 | Bazaar   | Found Apaich's Antique Weapon Emporium.
 41923 | Bazaar   | Found Ghoxt's Antique Armour Boutique.
 41940 | Bazaar   | Found Rauce's Antique Armour Shoppe.
 41945 | Bazaar   | Bought a glowing cloak for 36 gold pieces
 41946 | Bazaar   | Identified a +2 cloak of preservation (You bought it in a shop in a bazaar)
 41992 | Bazaar   | Bought a smoking cutlass for 198 gold pieces
 42009 | Bazaar   | Bought a +6,+4 ring of slaying for 1088 gold pieces
 42020 | Bazaar   | Identified the cursed +1,+1 cutlass of the Establishment {drain, rC+} (You bought it in a shop in a bazaar)
 42021 | Bazaar   | Reached XP level 17. HP: 69/77 MP: 36/36
 42238 | D:16     | Found a shattered altar of Ashenzari.
 42500 | D:16     | Reached skill level 21 in Stealth
 42536 | D:16     | Reached XP level 18. HP: 72/82 MP: 28/36
 42594 | D:16     | Noticed Sonja
 42603 | D:16     | Killed Sonja
 42696 | D:16     | Found a staircase to the Depths.
 42703 | Depths:1 | Entered Level 1 of the Depths
 42794 | Depths:1 | Reached skill level 5 in Fighting
 42959 | Depths:1 | Found a one-way gate leading to the halls of Pandemonium.
 44307 | Spider:1 | Entered Level 1 of the Spider Nest
 44341 | Spider:1 | Learned a level 2 spell: Repel Missiles
 45581 | Spider:2 | Noticed Arachne
 45612 | Spider:2 | Killed Arachne
 47668 | Spider:4 | Reached skill level 10 in Fighting
 48130 | Spider:4 | Got a polished buckler
 48131 | Spider:4 | Identified the +3 buckler "Utiac" {Dex+2 SInv} (You found it on level 4 of the Spider Nest)
 48523 | Spider:5 | Entered Level 5 of the Spider Nest
 48863 | Spider:5 | Lost mutation: You can breathe flames. [potion of cure mutation]
 48863 | Spider:5 | Lost mutation: Your body is slowly deteriorating. [potion of cure mutation]
 48863 | Spider:5 | Lost mutation: Your magical capacity is low (-10% MP). [potion of cure mutation]
 49080 | Spider:5 | Got a gossamer rune of Zot
 49933 | Vaults:1 | Entered Level 1 of the Vaults
 50001 | Vaults:1 | Reached XP level 19. HP: 50/98 MP: 39/42
 50882 | Vaults:1 | Noticed flammableBen's ghost (mighty MfTm)
 50895 | Vaults:1 | Killed flammableBen's ghost
 51462 | Vaults:2 | Found Umiasch's Assorted Antiques.
 51889 | Vaults:2 | Noticed Jenx's ghost (mighty GrBe)
 51977 | Vaults:2 | Killed Jenx's ghost
 52574 | Vaults:2 | Reached skill level 1 in Translocations
 52946 | Vaults:2 | Reached skill level 5 in Translocations
 54595 | Vaults:3 | Found a staircase to the Crypt.
 55567 | Vaults:3 | Reached XP level 20. HP: 105/105 MP: 44/44
 55966 | Vaults:4 | Gained mutation: You are clumsy. (Dex -2) [a shining eye]
 56289 | Vaults:4 | Noticed Frederick
 56292 | Vaults:4 | Killed Frederick
 57070 | Lair:1   | Learned a level 5 spell: Silence
 57081 | Lair:1   | Gained mutation: You can spit poison. [potion of beneficial mutation]
 57622 | Elf:1    | Noticed Nergalle
 57625 | Elf:1    | Killed Nergalle
 57656 | Elf:1    | Found Daenaes' Jewellery Shop.
 57676 | Elf:1    | Lost mutation: You can spit poison. [potion of cure mutation]
 57676 | Elf:1    | Lost mutation: You are clumsy. (Dex -2) [potion of cure mutation]
 58334 | Elf:1    | Noticed Donald
 58337 | Elf:1    | Killed Donald
 58525 | Elf:2    | Found Duejupip's Book Shoppe.
 58591 | Elf:2    | Found Phuphaluga's Gadget Emporium.
 58916 | Elf:2    | Found Kyugeukk's Food Shoppe.
 59764 | Elf:2    | Found Khunen's Assorted Antiques.
 59769 | Elf:2    | Bought a scroll labeled CUPECWAJODD for 32 gold pieces
 59897 | Elf:2    | Found Hixtai Pniki's Food Emporium.
 59902 | Elf:2    | Bought a bread ration for 40 gold pieces
 59902 | Elf:2    | Bought a bread ration for 40 gold pieces
 59942 | Elf:3    | Entered Level 3 of the Elven Halls
 61076 | Elf:3    | Got a scintillating golden amulet
 61224 | Elf:3    | Got a crude lapis lazuli ring
 62144 | Elf:3    | Identified the Almanac of Freezing Self-Improvement (You found it on level 3 of the Elven Halls)
 62149 | Elf:3    | Learned a level 2 spell: Song of Slaying
 62169 | Elf:3    | Learned a level 2 spell: Blink
 62367 | Elf:3    | Identified the ring of Zymuren {rPois rF+ Dam-1} (You took it off a deep elf sorcerer on level 3 of the Elven Halls)
 62368 | Elf:3    | Identified the amulet "Fihuodduy" {Faith Dex+4} (You took it off a deep elf master archer on level 3 of the Elven Halls)
 62855 | Elf:2    | Bought a sparkling granite ring for 800 gold pieces
 62856 | Elf:2    | Identified the cursed ring of the Empire {Str+2 Int-2 Acc-2 Dam-3} (You bought it in a shop on level 2 of the Elven Halls)
 63968 | Vaults:4 | Found Smual's Gadget Shop.
 64296 | Vaults:4 | Learned a level 1 spell: Apportation
 64298 | Vaults:4 | Learned a level 1 spell: Summon Butterflies
 64337 | Vaults:4 | Reached XP level 21. HP: 107/116 MP: 38/45
 64520 | Vaults:4 | Found a staircase to the Hall of Blades.
 64973 | Vaults:5 | Entered Level 5 of the Vaults
 65626 | Vaults:5 | Noticed letownia's ghost (mighty DjFE)
 65651 | Vaults:5 | Killed letownia's ghost
 66034 | Vaults:5 | Reached skill level 22 in Stealth
 66176 | Vaults:5 | Got a silver rune of Zot
 66243 | Vaults:5 | Reached skill level 23 in Stealth
 66798 | Vaults:5 | Learned a level 4 spell: Control Teleport
 66866 | Vaults:5 | Reached skill level 24 in Stealth
 67617 | Vaults:5 | Reached XP level 22. HP: 119/121 MP: 42/46
 67928 | Vaults:5 | Reached skill level 25 in Stealth
 68272 | Vaults:5 | Got a sparkling brass ring
 68274 | Vaults:5 | Identified the ring "Pomeng" {+Blink rElec rPois rF+} (You found it on level 5 of the Vaults)
 68308 | Vaults:5 | Found Cody's Assorted Antiques.
 68392 | Vaults:5 | Gained mutation: You are somewhat resistant to further mutation. [mutagenic glow]
 68753 | Vaults:5 | Identified the Collected Works on Displacement and Transformation (You found it on level 5 of the Vaults)
 68889 | Vaults:5 | Reached skill level 26 in Stealth
 68972 | Vaults:5 | Identified the Disquisition on Changing
 69203 | Vaults:5 | Got a bloodstained hat
 69204 | Vaults:5 | Identified the +3 hat of Inference {Str+3 Int-1} (You found it on level 5 of the Vaults)
 69407 | Crypt:1  | Entered Level 1 of the Crypt
 69851 | Crypt:1  | Reached skill level 27 in Stealth
 69972 | Crypt:1  | Noticed Sojobo
 69975 | Crypt:1  | Killed Sojobo
 69975 | Crypt:1  | Reached skill level 15 in Fighting
 71490 | Crypt:2  | You fall through a shaft!
 71963 | Crypt:3  | Reached XP level 23. HP: 95/123 MP: 37/46
 72298 | Crypt:3  | Identified Proytofo's Catalogue of Evil Rites and Good Luck (You found it on level 3 of the Crypt)
 72586 | Crypt:3  | Found a staircase to the Tomb.
 74325 | Crypt:5  | Entered Level 5 of the Crypt
 75135 | Crypt:5  | Noticed an ancient lich
 75232 | Crypt:5  | Killed an ancient lich
 75539 | Crypt:5  | Identified a +5 rod of inaccuracy (9/9) (You found it on level 5 of the Crypt)
 75552 | Crypt:5  | Identified the Disquisition on Entrancing Aid (You found it on level 5 of the Crypt)
 75556 | Crypt:5  | Learned a level 2 spell: Swiftness
 75756 | Vaults:3 | Learned a level 3 spell: Passwall
 76386 | Slime:1  | Entered Level 1 of the Pits of Slime
 76425 | Slime:6  | Entered Level 6 of the Pits of Slime
 76444 | Slime:6  | Noticed the royal jelly
 76460 | Slime:6  | Found a viscous altar of Jiyva.
 76461 | Slime:6  | Killed the royal jelly
 76954 | Slime:6  | Got a slimy rune of Zot
 76956 | Slime:6  | Got a scintillating lead ring
 76972 | Slime:6  | Identified the ring "Skaorr" {rPois MP+9 Stlth+} (You found it on level 6 of the Pits of Slime)
 77009 | Slime:6  | Got an ancient jade ring
 77025 | Slime:6  | Identified the ring "Zozxadd" {rPois Str+3 SInv} (You found it on level 6 of the Pits of Slime)
 78089 | Depths:1 | Found a gateway to Hell.
 79592 | Depths:2 | Noticed Mara
 79599 | Depths:2 | Reached XP level 24. HP: 127/127 MP: 49/49
 79602 | Depths:2 | Killed Mara
 80075 | Depths:2 | Reached skill level 10 in Evocations
 80455 | Depths:3 | Reached skill level 1 in Transmutations
 80523 | Depths:3 | Paralysed by a giant eyeball for 4 turns
 80557 | Depths:3 | Gained mutation: You have sharp toenails. [potion of beneficial mutation]
 80669 | Depths:3 | Noticed Jory
 80672 | Depths:3 | Noticed Saint Roka
 80683 | Depths:3 | HP: 2/127 [Jory/crystal spear (70)]
 81090 | Depths:3 | Killed Saint Roka
 81187 | Depths:3 | Killed Jory
 81731 | Depths:3 | Found a white marble altar of Elyvilon.
 82255 | Depths:3 | Found a glowing silver altar of Zin.
 82619 | Depths:3 | Found a deep blue altar of Sif Muna.
 82701 | Depths:3 | Found a shimmering altar of Xom.
 84506 | Lair:1   | Identified a +4 rod of fiery destruction (12/12) (You found it on level 1 of the Depths)
 85481 | Vaults:5 | Reached skill level 1 in Armour
 86285 | Depths:4 | Reached XP level 25. HP: 120/131 MP: 49/49
 86389 | Depths:4 | Reached skill level 5 in Armour
 86814 | Depths:4 | Found a corrupted altar of Lugonu.
 86814 | Depths:4 | Found a one-way gate to the infinite horrors of the Abyss.
 86874 | Depths:4 | Noticed an ancient lich
 86875 | Depths:4 | Found a gateway to a ziggurat.
 86877 | Depths:4 | Noticed an ancient lich
 87060 | Depths:4 | Killed an ancient lich
 87108 | Depths:4 | Killed an ancient lich
 88588 | Zig:1    | Entered Level 1 of a ziggurat
 88630 | Zig:2    | Entered Level 2 of a ziggurat
 88664 | Zig:3    | Entered Level 3 of a ziggurat
 88687 | Zig:4    | Entered Level 4 of a ziggurat
 88697 | Zig:4    | Identified the Almanac of the New World (You found it on level 4 of a ziggurat)
 88714 | Zig:5    | Entered Level 5 of a ziggurat
 88771 | Zig:5    | Reached XP level 26. HP: 138/138 MP: 49/49
 88774 | Zig:6    | Entered Level 6 of a ziggurat
 89015 | Zig:7    | Entered Level 7 of a ziggurat
 89196 | Zig:7    | Got a brightly glowing marble ring
 89202 | Zig:7    | Identified the ring "Kiji" {Regen Dex+4 Int+3} (You found it on level 7 of a ziggurat)
 89249 | Zig:8    | Entered Level 8 of a ziggurat
 89297 | Zig:8    | Reached skill level 10 in Armour
 89357 | Zig:8    | Got a jewelled long sword
 89358 | Zig:8    | Identified the +6,+0 long sword of Darkness {flame, MR+ SInv} (You found it on level 8 of a ziggurat)
 89472 | Zig:9    | Entered Level 9 of a ziggurat
 90259 | Depths:5 | Got an ancient lapis lazuli ring
 90268 | Depths:5 | Identified the ring "Caore" {Hunger +Inv MR++} (You found it on level 5 of the Depths)
 90463 | Depths:5 | Got a pitted ivory ring
 90464 | Depths:5 | Identified the ring "Byepi" {Wiz +Fly rElec} (You found it on level 5 of the Depths)
 90518 | Depths:5 | Identified a +0 rod of venom (9/9) (You found it on level 5 of the Depths)
 91943 | Hell     | Entered the Vestibule of Hell
 91943 | Hell     | Noticed Geryon
 91978 | Hell     | Killed Geryon
 92017 | Hell     | Found a gateway to the ashen valley of Gehenna.
 92753 | Depths:1 | Reached XP level 27. HP: 128/139 MP: 25/50
 92959 | Hell     | Found a gateway to the decaying netherworld of Tartarus.
 93243 | Hell     | Gained mutation: You occasionally shout uncontrollably. [mutagenic glow]
 93556 | Hell     | Found a gateway to the Iron City of Dis.
 93958 | Depths:4 | Voluntarily entered the Abyss.
 95029 | Abyss:1  | Reached skill level 1 in Air Magic
 95185 | Abyss:1  | Identified the Grimoire of the Clam (You found it on level 1 of the Abyss)
 95187 | Abyss:1  | Identified the Collected Works on Attacks (You found it on level 1 of the Abyss)
 95196 | Abyss:1  | Identified the Almanac of Changing (You found it on level 1 of the Abyss)
 95202 | Abyss:1  | Identified Kikubaaqudgha's Compendium of Stolen Souls (You found it on level 1 of the Abyss)
 95227 | Abyss:1  | Identified the Volume of Beguiling (You found it on level 1 of the Abyss)
 95250 | Abyss:1  | Identified Thuk's Reference Book on Talismans
 95254 | Abyss:1  | Identified the Disquisition on Conjuration
 95695 | Abyss:2  | Found a corrupted altar of Lugonu.
 95781 | Abyss:2  | Found an iron altar of Okawaru.
 95855 | Abyss:2  | Paralysed by you for 3 turns
 96032 | Abyss:4  | Reached skill level 5 in Air Magic
 96068 | Abyss:4  | Got an abyssal rune of Zot
 96262 | Abyss:5  | Entered Level 5 of the Abyss
 96539 | Abyss:5  | Paralysed by accursed screaming for 1 turns
 96562 | Abyss:5  | Paralysed by accursed screaming for 2 turns
 96835 | Depths:4 | Escaped the Abyss
 97361 | Lair:1   | Learned a level 6 spell: Deflect Missiles
 97394 | Lair:1   | Lost mutation: You occasionally shout uncontrollably. [potion of cure mutation]
 97394 | Lair:1   | Lost mutation: You are somewhat resistant to further mutation. [potion of cure mutation]
 97394 | Lair:1   | Lost mutation: You have sharp toenails. [potion of cure mutation]
 97883 | Tar:1    | Entered Level 1 of Tartarus
 98565 | Tar:7    | Entered Level 7 of Tartarus
 98840 | Tar:7    | Paralysed by miscasting Darkness for 2 turns
 98848 | Tar:7    | Noticed Ereshkigal
 98858 | Tar:7    | Killed Ereshkigal
 98950 | Tar:7    | Got a bone rune of Zot
 99055 | Dis:1    | Entered Level 1 of the Iron City of Dis
 99648 | Dis:7    | Entered Level 7 of the Iron City of Dis
 99671 | Dis:7    | Reached skill level 15 in Short Blades
 99952 | Dis:7    | Noticed Dispater
 99958 | Dis:7    | Got an iron rune of Zot
100202 | Hell     | Found a gateway to the freezing wastes of Cocytus.
100219 | Coc:1    | Entered Level 1 of Cocytus
100587 | Coc:7    | Entered Level 7 of Cocytus
100790 | Coc:7    | Noticed Antaeus
100796 | Coc:7    | Got an icy rune of Zot
100961 | Depths:1 | Upgraded the game from 0.14-a0-2340-g8df0fbc to 0.14-a0-2359-g1e808ab
101843 | Orc:4    | Found a roughly hewn altar of Beogh.
101894 | Orc:4    | Bought a bread ration for 52 gold pieces
101894 | Orc:4    | Bought a bread ration for 52 gold pieces
101894 | Orc:4    | Bought a bread ration for 52 gold pieces
101894 | Orc:4    | Bought a bread ration for 52 gold pieces
102031 | Elf:2    | Bought a bread ration for 40 gold pieces
102346 | Pan      | Entered Pandemonium
102856 | Pan      | Noticed Fokoyh the pandemonium lord
103721 | Pan      | Entered the realm of Lom Lobon.
104024 | Pan      | Noticed Lom Lobon
104026 | Pan      | Got a magical rune of Zot
104081 | Pan      | Noticed Pnuacoim the pandemonium lord
104165 | Pan      | Found a gateway to a ziggurat.
104178 | Zig:1    | Entered Level 1 of a ziggurat
104193 | Zig:2    | Entered Level 2 of a ziggurat
104241 | Zig:3    | Entered Level 3 of a ziggurat
104308 | Zig:4    | Entered Level 4 of a ziggurat
104372 | Zig:5    | Entered Level 5 of a ziggurat
104387 | Zig:5    | Paralysed by a giant eyeball for 2 turns
104586 | Zig:6    | Entered Level 6 of a ziggurat
104925 | Zig:7    | Entered Level 7 of a ziggurat
104986 | Zig:8    | Entered Level 8 of a ziggurat
105796 | Pan      | Found an exit through the horrors of the Abyss.
106091 | Pan      | Reached skill level 5 in Transmutations
106181 | Pan      | Gained mutation: You are weak. (Str -2) [a cacodemon]
106205 | Pan      | Entered the realm of Mnoleg.
106290 | Pan      | Paralysed by a potion of paralysis for 4 turns
106466 | Pan      | Reached skill level 1 in Necromancy
106554 | Pan      | Gained mutation: Your magical capacity is low (-10% MP). [mutagenic glow]
106736 | Pan      | Noticed Mnoleg
106748 | Pan      | Got a glowing rune of Zot
106789 | Pan      | Entered the realm of Gloorx Vloq.
107486 | Pan      | Noticed Gloorx Vloq
107494 | Pan      | Got a dark rune of Zot
107815 | Pan      | Found a gateway to a ziggurat.
107823 | Zig:1    | Entered Level 1 of a ziggurat
107833 | Zig:2    | Entered Level 2 of a ziggurat
107850 | Zig:3    | Entered Level 3 of a ziggurat
107861 | Zig:3    | Got a scintillating bone ring
107862 | Zig:3    | Identified the cursed ring of the Suburbs {Regen rC++ MR++} (You found it on level 3 of a ziggurat)
107866 | Zig:3    | Got a slimy long sword
107867 | Zig:3    | Identified the +6,+8 long sword of Equilibrium {freeze, +Fly rN+} (You found it on level 3 of a ziggurat)
107872 | Zig:4    | Entered Level 4 of a ziggurat
107910 | Zig:4    | Lost mutation: You are weak. (Str -2) [potion of cure mutation]
107910 | Zig:4    | Lost mutation: Your magical capacity is low (-10% MP). [potion of cure mutation]
107916 | Zig:4    | Got an ancient iron ring
107935 | Zig:4    | Identified the ring "Omiobleh" {rC+ Acc+3} (You found it on level 4 of a ziggurat)
107939 | Zig:5    | Entered Level 5 of a ziggurat
108043 | Zig:6    | Entered Level 6 of a ziggurat
108138 | Zig:6    | Got a steaming iron ring
108144 | Zig:6    | Identified the ring "Shraecuonn" {+Inv rElec Str+2 Acc+3 Dam+3} (You found it on level 6 of a ziggurat)
108179 | Pan      | Entered the realm of Cerebov.
108179 | Pan      | Noticed Cerebov
108183 | Pan      | Got a fiery rune of Zot
108186 | Pan      | HP: 5/139 [balrug/fireball (35)]
108456 | Pan      | Reached skill level 5 in Necromancy
108466 | Pan      | Noticed Psasifacs the pandemonium lord
108473 | Pan      | Got a demonic rune of Zot
108673 | Pan      | Found an exit through the horrors of the Abyss.
108851 | Pan      | Found a gateway to a ziggurat.
109174 | Pan      | Noticed Ylejal the pandemonium lord
109341 | Pan      | Noticed Icsehuaz the pandemonium lord
109465 | Pan      | Noticed Ackeing the pandemonium lord
109467 | Pan      | Killed Ackeing the pandemonium lord
109851 | Pan      | Noticed Ehiuki Soli the pandemonium lord
110072 | Pan      | Noticed Xyowan the pandemonium lord
110074 | Pan      | Killed Xyowan the pandemonium lord
110169 | Pan      | Noticed Graupp the pandemonium lord
110542 | Pan      | Noticed Sorus the pandemonium lord
110544 | Pan      | Killed Sorus the pandemonium lord
110712 | Pan      | Found an exit through the horrors of the Abyss.
110731 | Pan      | Took an exit into the Abyss.
110731 | Abyss:1  | Escaped into the Abyss
110731 | Abyss:1  | Found a corrupted altar of Lugonu.
110766 | Depths:1 | Escaped the Abyss
110851 | Geh:1    | Entered Level 1 of Gehenna
111259 | Geh:7    | Entered Level 7 of Gehenna
112416 | Geh:7    | Noticed Asmodeus
112441 | Geh:7    | Got an obsidian rune of Zot
112893 | Tomb:1   | Entered Level 1 of the Tomb of the Ancients
116380 | Tomb:3   | Entered Level 3 of the Tomb of the Ancients
117109 | Tomb:3   | Got a golden rune of Zot
117788 | Depths:6 | Entered Level 6 of the Depths
117788 | Depths:6 | Found Joun's Book Shoppe.
117891 | Depths:6 | Found a gate to the Realm of Zot.
118031 | Zot:1    | Entered Level 1 of the Realm of Zot
119446 | Zot:5    | Entered Level 5 of the Realm of Zot
119574 | Zot:5    | Noticed an orb of fire
119574 | Zot:5    | Noticed an orb of fire
120293 | Zot:4    | Killed an orb of fire
120985 | Zot:5    | Noticed an orb of fire
120998 | Zot:5    | Noticed an orb of fire
121001 | Zot:5    | Noticed an orb of fire
121037 | Zot:5    | Noticed an orb of fire
121056 | Zot:5    | Gained mutation: You are robust (+10% HP). [an orb of fire]
121071 | Zot:5    | Gained mutation: You tend to lose your temper in combat. [an orb of fire]
121361 | Zot:5    | Killed an orb of fire
121527 | Zot:5    | Reached skill level 10 in Translocations
121644 | Zot:5    | Killed an orb of fire
121915 | Zot:5    | Noticed an ancient lich
121951 | Zot:5    | Killed an ancient lich
121989 | Zot:5    | Reached skill level 5 in Summonings
122311 | Zot:5    | Noticed an orb of fire
122642 | Zot:5    | Noticed an ancient lich
122732 | Zot:5    | Killed an ancient lich
122990 | Zot:5    | Killed an orb of fire
123498 | Zot:5    | Got the Orb of Zot
123506 | Zot:5    | Noticed an orb of fire
123695 | Zot:1    | Noticed Kluasoac the pandemonium lord
124087 | D:11     | Gained mutation: You heal slowly when monsters are visible. [mutagenic glow]
124306 | D:$      | Escaped with the Orb!

Action                   |  1- 3 |  4- 6 |  7- 9 | 10-12 | 13-15 | 16-18 | 19-21 | 22-24 | 25-27 || total
-------------------------+-------+-------+-------+-------+-------+-------+-------+-------+-------++-------
Melee: Dagger            |   194 |   292 |    76 |       |       |       |       |       |       ||   562
       Cutlass           |       |       |   355 |    19 |    16 |       |       |     7 |   155 ||   552
       Short sword       |       |       |       |   680 |  2156 |    82 |       |       |       ||  2918
       Quick blade       |       |       |       |       |       |  1999 |  2963 |  2964 |  8429 || 16355
Throw: Tomahawk          |     5 |       |    35 |    22 |    34 |    21 |    45 |    49 |    15 ||   226
       Dart              |     1 |       |     5 |       |       |       |       |       |       ||     6
 Cast: Corona            |     4 |     2 |       |       |       |       |       |       |       ||     6
       Ensorcelled Hiber |     3 |    14 |    79 |    95 |   245 |    64 |    45 |    11 |     3 ||   559
       Confuse           |       |    18 |    30 |    23 |    59 |    48 |    77 |    37 |    32 ||   324
       Haste             |       |       |       |     1 |     6 |     5 |     4 |    21 |    81 ||   118
       Regeneration      |       |       |       |     1 |    34 |    30 |    65 |    72 |   218 ||   420
       Invisibility      |       |       |       |       |    15 |     8 |     9 |     7 |     3 ||    42
       Flight            |       |       |       |       |    10 |    18 |       |       |    18 ||    46
       Mass Confusion    |       |       |       |       |     4 |     3 |     1 |     7 |    10 ||    25
       Darkness          |       |       |       |       |       |     7 |     2 |     3 |    23 ||    35
       Repel Missiles    |       |       |       |       |       |       |    16 |    22 |    11 ||    49
       Phase Shift       |       |       |       |       |       |       |     7 |    22 |    50 ||    79
       Silence           |       |       |       |       |       |       |     9 |     2 |     4 ||    15
       Apportation       |       |       |       |       |       |       |     1 |       |    25 ||    26
       Blink             |       |       |       |       |       |       |       |     4 |    29 ||    33
       Control Teleport  |       |       |       |       |       |       |       |     6 |    30 ||    36
       Sure Blade        |       |       |       |       |       |       |       |     2 |     1 ||     3
       Song of Slaying   |       |       |       |       |       |       |       |       |     2 ||     2
       Passwall          |       |       |       |       |       |       |       |       |    26 ||    26
       Deflect Missiles  |       |       |       |       |       |       |       |       |    21 ||    21
Invok: Shadow Step       |       |       |     1 |    10 |    32 |    11 |    25 |    20 |    61 ||   160
       Shadow Form       |       |       |       |       |       |     1 |       |       |     7 ||     8
 Abil: Spit Poison       |       |       |       |       |       |       |     2 |       |       ||     2
Evoke: Wand              |       |       |     5 |    21 |     8 |     2 |     7 |    14 |    45 ||   102
       Deck              |       |       |       |       |     9 |       |     4 |       |     7 ||    20
       Staff of energy   |       |       |       |       |       |       |     8 |       |    40 ||    48
       Fan of gales      |       |       |       |       |       |       |       |     1 |       ||     1
       Rod               |       |       |       |       |       |       |       |     4 |     1 ||     5
       Horn of Geryon    |       |       |       |       |       |       |       |       |     1 ||     1
  Use: Scroll            |     2 |       |    15 |    13 |    22 |    18 |    13 |    22 |    86 ||   191
       Potion            |       |       |     2 |    12 |     6 |     5 |    10 |    12 |    35 ||    82
 Stab: Sleeping          |     5 |    29 |    66 |   130 |   380 |   146 |   143 |   207 |   271 ||  1377
       Confused          |       |     6 |    13 |     3 |    26 |    36 |    40 |    19 |    34 ||   177
       Distracted        |       |       |     2 |    10 |    17 |    10 |    27 |    16 |    73 ||   155
       Invisible         |       |       |       |       |    73 |    78 |    78 |    14 |    10 ||   253
       Held in net/web   |       |       |       |       |       |     1 |       |       |       ||     1
